 Dungeon Crawl Stone Soup version 0.25-a0-87-ga3d287bc14 (webtiles) character file.

Game seed: 15897076581276894552, levelgen mode: deterministic

2445 Dekapitator the Covert (level 9, -3/54 HPs)
             Began as an Octopode Assassin on Nov 10, 2019.
             Was a Follower of Ashenzari.
             Slain by a hippogriff (6 damage)
             ... on level 7 of the Dungeon.
             The game lasted 00:40:50 (9228 turns).

Dekapitator the Covert (Octopode Assassin)          Turns: 9228, Time: 00:40:51

Health: -3/54      AC:  1    Str: 11    XL:     9   Next: 49%
Magic:  9/9        EV: 16    Int: 13    God:    Ashenzari [*.....]
Gold:   419        SH:  0    Dex: 16    Spells: 8/8 levels left

rFire    x . .     SeeInvis .   z - +3 short sword
rCold    + + .     Gourm    .   (no shield)
rNeg     . . .     Faith    .   (helmet restricted)
rPois    .         Spirit   .   T - amulet of rage
rElec    .         Reflect  .   f - ring of protection from cold
rCorr    .         Harm     .   x - ring of ice
MR       .....                  (no ring)
Stlth    ++++++....             (no ring)
HPRegen  0.18/turn              (no ring)
MPRegen  0.11/turn              (no ring)
                                (no ring)
                                (no ring)

@: no status effects
A: almost no armour, stealthy swim, amphibious, 8 rings, constrict 8, camouflage
1, gelatinous body 1
a: Curse Item, Scrying, Renounce Religion, Evoke Berserk Rage


You were on level 7 of the Dungeon.
You worshipped Ashenzari.
Ashenzari was aware of your devotion.
You were not hungry.

You visited 1 branch of the dungeon, and saw 7 of its levels.

You collected 419 gold pieces.

Inventory:

Hand Weapons
 a - a +2 dagger
 j - a +0 hunting sling
 u - a +0 mace
 z - a +3 short sword (weapon)
 I - a +0 trident
 L - a +0 rapier
 O - a +0 scythe
 R - a +0 shortbow
Missiles
 b - 7 poisoned darts (quivered)
 c - 2 curare-tipped darts
 e - 163 stones
 h - 131 arrows
 p - 7 boomerangs
 q - 10 javelins
 E - 38 sling bullets
 N - 15 bolts
 P - a throwing net
Jewellery
 f - a ring of protection from cold (left tentacle)
 x - a ring of ice (right tentacle)
 T - an amulet of rage (around mantle)
Wands
 B - a wand of paralysis (9)
 U - a wand of clouds (4)
Scrolls
 i - a scroll of enchant armour {unknown}
 m - 2 scrolls of magic mapping {unknown}
 n - 2 scrolls of noise {unknown}
 o - 8 scrolls of identify {unknown}
 s - 2 scrolls of fog {unknown}
 t - 4 scrolls of teleportation {unknown}
 y - a scroll of remove curse
 A - 2 scrolls of immolation {unknown}
 F - a scroll of enchant weapon {unknown}
 H - a scroll of random uselessness {unknown}
 Q - a scroll of fear {unknown}
 S - 2 scrolls of blinking {unknown}
 Y - a scroll of amnesia {unknown}
Potions
 g - 3 potions of flight {unknown}
 k - a potion of brilliance {unknown}
 l - 2 potions of degeneration {unknown}
 r - 4 potions of mutation {unknown}
 v - 5 potions of might {unknown}
 w - a potion of berserk rage {unknown}
 C - 2 potions of curing {unknown}
 D - a potion of agility {unknown}
 G - 2 potions of lignification {unknown}
 J - 3 potions of haste {unknown}
 K - a potion of cancellation {unknown}
 M - a potion of ambrosia {unknown}
 V - a potion of invisibility {unknown}
 W - a potion of resistance {unknown}
 X - 2 potions of heal wounds {unknown}
Comestibles
 d - 10 rations


   Skills:
 - Level 2.0 Fighting
 * Level 7.9 Short Blades
 - Level 1.4(3.4) Slings
 * Level 4.9(5.0) Throwing
 * Level 5.2 Dodging
 + Level 10.8 Stealth


You had 8 spell levels left.
You didn't know any spells.
Your spell library was empty.

Dungeon Overview and Level Annotations

Branches:
Dungeon (7/15)             Temple (0/1) D:6

Altars:
Ashenzari
Elyvilon
Nemelex Xobeh
Okawaru
Ru
Sif Muna
Trog
Uskayaw
The Shining One


Innate Abilities, Weirdness & Mutations

You cannot wear most types of armour.
You are very stealthy in the water. (Stealth+)
You are amphibious.
You can wear up to eight rings at the same time.
You can use your tentacles to constrict eight enemies at once.
Your skin changes colour to match your surroundings (Stealth+).
Your rubbery body absorbs attacks. (AC +1, EV +1)


Message History

The hippogriff is moderately wounded.
The hippogriff bites you! The hippogriff completely misses you.
The hippogriff claws you!
* * * LOW HITPOINT WARNING * * *
You hit the hippogriff. You squeeze the hippogriff.
The hippogriff is heavily wounded.
You hit the hippogriff.
The hippogriff is heavily wounded.
The hippogriff bites you.
* * * LOW HITPOINT WARNING * * *
The hippogriff barely misses you. The hippogriff claws you.
* * * LOW HITPOINT WARNING * * *
There is a stone staircase leading up here.
Number of times to repeat, then command key: You must enter the number of times for the command to repeat.
There is a stone staircase leading up, spattered with blood here.
The hippogriff misses you. The hippogriff pecks you!
* * * LOW HITPOINT WARNING * * *
The hippogriff claws you.
You die...

#.# #.#.............#
#####.#####)#.#.#######...#
#.........#.#.#[# #...#
#.##...##.#.#.#.##### #...#
###.#.#.#.#...........# #...#####
#.............#.#.###.###.......#
....#.#.#.#####>#.##...##.#.###.#
....##...######.#........<....#.#
....###..))))...@H.#...##.#.#.#.#
##### #########....[..........#.#
# #.##.##...........# #
#.##.##..###.###... # #.##.#.#.#
#.# #.#" # #.##..#).###+###.#. #
#....###...+_+...#. #
####..#..#######.#. # #...#.# ###
#...


You could see a hippogriff.

Vanquished Creatures
  Grinder (D:5)
  Sigmund (D:6)
  Eustachio (D:5)
  Menkaure (D:6)
  A sky beast (D:6)
  6 ogres
  A phantom (D:7)
  A centaur (D:6)
  2 bullfrogs
  A water moccasin zombie (D:7)
  2 scorpions
  A water moccasin skeleton (D:5)
  A howler monkey (D:4)
  4 crimson imps
  2 hounds
  2 orc priests
  A centaur zombie (D:7)
  A jelly (D:7)
  3 orc wizards
  5 worker ants
  A worker ant zombie (D:5)
  Robin (D:2)
  4 gnolls (D:7)
  4 adders
  2 oozes
  A worm (D:3)
  2 dart slugs (D:1)
  A leopard gecko (D:4)
  6 orcs
  7 bats
  4 giant cockroaches (D:1)
  15 goblins
  12 hobgoblins
  4 quokkas
  4 frilled lizards
  A jackal skeleton (D:6)
  7 kobolds
  A quokka skeleton (D:4)
  6 rats
121 creatures vanquished.

Notes
Turn   | Place    | Note
-------+----------+-------------------------------------------
     0 | D:1      | Dekapitator the Octopode Assassin began the quest for the
                  | Orb.
     0 | D:1      | Reached XP level 1. HP: 14/14 MP: 1/1
   385 | D:1      | Reached XP level 2. HP: 19/19 MP: 2/2
   751 | D:1      | Reached skill level 6 in Stealth
   905 | D:1      | Reached XP level 3. HP: 24/24 MP: 3/3
   908 | D:1      | Found a shattered altar of Ashenzari.
  1503 | D:1      | Became a worshipper of Ashenzari the Shackled
  1567 | D:2      | Noticed Robin
  1755 | D:2      | Reached skill level 1 in Slings
  1757 | D:2      | Found a hide-covered altar of Uskayaw.
  2205 | D:2      | Reached XP level 4. HP: 28/29 MP: 4/4
  2392 | D:2      | Found an iron altar of Okawaru.
  2392 | D:2      | Found a bloodstained altar of Trog.
  2799 | D:2      | Killed Robin
  3790 | D:3      | Reached XP level 5. HP: 24/34 MP: 5/5
  4075 | D:3      | Found a sacrificial altar of Ru.
  4543 | D:4      | Reached skill level 7 in Stealth
  4562 | D:4      | Noticed an ogre
  4565 | D:4      | Killed an ogre
  4565 | D:4      | Reached XP level 6. HP: 39/39 MP: 6/6
  4677 | D:4      | Reached XP level 7. HP: 30/45 MP: 7/7
  4794 | D:4      | Found a shattered altar of Ashenzari.
  4922 | D:4      | Reached skill level 8 in Stealth
  5628 | D:5      | Entered Level 5 of the Dungeon
  5656 | D:5      | Noticed Eustachio
  5690 | D:5      | Killed Eustachio
  5723 | D:5      | Reached skill level 5 in Short Blades
  5809 | D:5      | Found a glowing golden altar of the Shining One.
  5991 | D:5      | Reached XP level 8. HP: 50/50 MP: 8/8
  6095 | D:5      | Noticed Grinder
  6098 | D:5      | Killed Grinder
  6098 | D:5      | Reached skill level 9 in Stealth
  6468 | D:6      | Noticed Sigmund
  6479 | D:6      | Killed Sigmund
  6761 | D:6      | Found a shimmering blue altar of Sif Muna.
  7105 | D:6      | Reached * piety under Ashenzari
  7113 | D:6      | Noticed Menkaure
  7121 | D:6      | Killed Menkaure
  7121 | D:6      | Reached skill level 10 in Stealth
  7121 | D:6      | Reached XP level 9. HP: 54/54 MP: 9/9
  7428 | D:6      | Found a staircase to the Ecumenical Temple.
  7543 | D:6      | Reached skill level 5 in Dodging
  8011 | D:7      | Found a sparkling altar of Nemelex Xobeh.
  8174 | D:7      | Found a white marble altar of Elyvilon.
  9228 | D:7      | Slain by a hippogriff

Levels and vault maps discovered:
D:1:      dpeg_arrival_connections, layout_loops_corners,
          nicolae_ashenzari_panopticon
D:2:      layout_rooms, gammafunk_temple_overflow_wave,
          lemuel_coloured_pillars_altar, uniq_robin
D:3:      layout_loops_cross, lemuel_round_altar, first_ration
D:4:      layout_basic, kennysheep_mini
D:5:      layout_basic, kennysheep_little_box, uniq_eustachio, uniq_grinder
D:6:      layout_loops_corners, temple_pool_b, lemuel_blue_sif_altar,
          uniq_sigmund, uniq_menkaure
D:7:      layout_loops_ring, lemuel_doored_altar, elyvilon_altar_3

Skill      XL: |  1  2  3  4  5  6  7  8  9 |
---------------+----------------------------+-----
Stealth        | 6 7 8 10 | 10.8
Slings         | 1 |  1.4
Dodging        | 2 3 4 5 |  5.2
Short Blades   | 3 4 5 6 7 |  7.9
Throwing       | 3 4 |  4.9
Fighting       | |  2.0

Action                   |  1- 3 |  4- 6 |  7- 9 || total
-------------------------+-------+-------+-------++-------
Melee: Dagger            |    56 |    48 |       ||   104
       Constrict         |    15 |    14 |    21 ||    50
       Tentacles         |    11 |     9 |    39 ||    59
       Short sword       |       |    21 |   178 ||   199
 Fire: Hunting sling     |    24 |     3 |       ||    27
Throw: Dart              |     6 |       |       ||     6
 Stab: Sleeping          |     7 |     9 |    19 ||    35
  Eat: Chunk             |     4 |     7 |    11 ||    22
       Ration            |       |       |     1 ||     1
Armor: Skin              |     7 |     7 |     3 ||    17
Dodge: Dodged            |    25 |    46 |    85 ||   156

Table legend:
 A = Non-vault XP
 B = Vault XP
 C = Vault XP percentage of total XP
 D = Non-vault monster count
 E = Vault monster count
 F = Vault count percentage of total count
                 A         B        C        D         E       F
            +---------+---------+-------+---------+---------+-------
      Total |    2604 |     889 |  25.5 |     105 |      16 |  13.2
            +---------+---------+-------+---------+---------+-------
        D:1 |      56 |       4 |   6.7 |      28 |       2 |   6.7
        D:2 |      23 |      31 |  57.4 |      13 |      10 |  43.5
        D:3 |     120 |       0 |   0.0 |      14 |       0 |   0.0
        D:4 |     634 |       0 |   0.0 |      13 |       0 |   0.0
        D:5 |     298 |     462 |  60.8 |       8 |       2 |  20.0
        D:6 |     756 |     392 |  34.1 |      12 |       2 |  14.3
        D:7 |     717 |       0 |   0.0 |      17 |       0 |   0.0
            +---------+---------+-------+---------+---------+-------
